 Dungeon Crawl Stone Soup version 0.27-a0-323-gbd089401bb (webtiles) character file.

Game seed: 15770051021814680560

166 dickylongcocking the Sneak (level 5, -5/50 HPs)
             Began as a Deep Dwarf Delver on Feb 11, 2021.
             Slain by an ogre
             ... wielding a +0 giant club
              (25 damage)
             ... on level 4 of the Dungeon.
             The game lasted 00:03:09 (2403 turns).

dickylongcocking the Sneak (Deep Dwarf Delver)      Turns: 2403, Time: 00:03:09

Health: -5/50      AC:  6    Str: 15 (17) XL:     5   Next: 22%
Magic:  5/5        EV: 11    Int:  8 (10) God:
Gold:   174        SH:  4    Dex: 13 (14) Spells: 4/4 levels left

rFire    . . .     SeeInvis .   v - +0 war axe
rCold    . . .     Faith    .   j - +0 buckler
rNeg     . . .     Spirit   .   k - +0 ring mail
rPois    .         Reflect  .   (no helmet)
rElec    .         Harm     .   (no cloak)
rCorr    .         Rampage  .   (no gloves)
Will     .....     Clarity  +   i - +0 pair of boots
Stlth    ++........             (no amulet)
HPRegen  0.00/turn              (no ring)
MPRegen  0.09/turn              (no ring)

@: non-regenerating
A: damage resistance, heal wounds, fangs 2, clarity, sense surroundings 1, wild
magic 1, no regeneration
a: Heal Wounds


You were on level 4 of the Dungeon.
You visited 1 branch of the dungeon, and saw 5 of its levels.

You collected 174 gold pieces.

Inventory:

Hand Weapons
 a - a +0 hand axe
 v - a +0 war axe (weapon)
Armour
 b - a +0 leather armour
 i - a +0 pair of boots (worn)
 j - a +0 buckler (worn)
 k - a +0 ring mail (worn)
 n - a +0 plate armour
Magical Staves
 u - a staff of conjuration
Jewellery
 t - an amulet of guardian spirit {unknown}
Wands
 g - a wand of digging (3)
 p - a wand of flame (21)
Scrolls
 c - 3 scrolls of fog
 e - a scroll of enchant weapon
 h - 2 scrolls of random uselessness {unknown}
 l - 3 scrolls of fear
 o - a scroll of blinking {unknown}
 q - a scroll of noise {unknown}
 r - a scroll of teleportation
Potions
 d - 2 potions of curing {unknown}
 f - a potion of haste
 m - a potion of magic
 s - 2 potions of heal wounds


   Skills:
 * Level 3.6 Fighting
 * Level 3.9 Axes
 * Level 2.2 Armour
 - Level 2.1 Dodging
 - Level 6.0 Stealth
 * Level 2.0 Shields


You had 4 spell levels left.
You didn't know any spells.
Your spell library was empty.

Dungeon Overview and Level Annotations

Branches:
Dungeon (5/15)
 Temple: D:4-7

Altars:


Innate Abilities, Weirdness & Mutations

You are resistant to damage.
You can heal yourself by infusing magical energy.
You passively map a small area around you.
You do not regenerate.
You have extremely sharp teeth.
You possess an exceptional clarity of mind.
Your spells are a little harder to cast, but a little more powerful.


Message History

You open the door.
Found a hand axe.
There is an open door here.
You see here a hand axe.
Found a war axe.
Found a dagger.
No target in view!
A frilled lizard comes into view.
The frilled lizard hisses angrily.
The frilled lizard bites you.
You closely miss the frilled lizard. The frilled lizard bites you.
The frilled lizard bites you but does no damage.
You hit the frilled lizard.
You kill the frilled lizard!
Found a scroll of identify.
No target in view!
No target in view!
You see here a war axe.
v - a +0 war axe (weapon)
Found 15 sling bullets.
No target in view!
A worker ant and an ogre come into view.
The ogre shouts!
There are monsters nearby!
You see here a scroll of identify.
There are monsters nearby!
You block the ogre's attack.
You slash the worker ant! You bite the worker ant.
You kill the worker ant!
The ogre closely misses you.
Your Shields skill increases to level 2!
Unknown command.
You see here a worker ant corpse.
Unknown command.
You hit the ogre.
The ogre is lightly wounded.
The ogre hits you with a +0 giant club!
The ogre hits you with a +0 giant club!!
Ouch! That really hurt!
You die...

.........#.......#..##.#......
*#........#.............#......
#.##...............,#.........
* #......#####.....###.......
#........## ..#............
#.......#..##..#....##......
#....###.##..#.......,#..#<..
...## ####?.....### #.##... .
##.@.....# ,......##
#(O..........##...#.
##.##....#### ##..#. ##.,.....#
##.#. ........ * #... ,.....#..
*.... ###### . ,.... * , *


You could see an ogre.

Vanquished Creatures
  4 worker ants
  A gnoll (D:1)
  2 adders
  A worm (D:2)
  2 leopard geckos (D:3)
  A ball python (D:4)
  2 giant cockroaches
  3 goblins
  4 hobgoblins
  3 jackals
  3 kobolds
  2 quokkas
  7 bats
  6 frilled lizards
  A jackal skeleton (D:4)
  A leopard gecko skeleton (D:2)
  A quokka skeleton (D:4)
  5 rats
49 creatures vanquished.

Vanquished Creatures (others)
  3 plants
3 creatures vanquished.

Grand Total: 52 creatures vanquished

Notes
Turn   | Place    | Note
-------+----------+-------------------------------------------
     0 | D:5      | dickylongcocking the Deep Dwarf Delver began the quest for
                  | the Orb.
     0 | D:5      | Reached XP level 1. HP: 20/20 MP: 1/1
   379 | D:3      | Reached XP level 2. HP: 12/27 MP: 2/2
   733 | D:1      | Reached XP level 3. HP: 12/34 MP: 3/3
   925 | D:1      | You fall into a shaft and drop 1 floor!
   947 | D:2      | Gained mutation: You have very sharp teeth. [potion of
                  | mutation]
   947 | D:2      | Gained mutation: Your spells are a little harder to cast,
                  | but a little more powerful. [potion of mutation]
   947 | D:2      | Gained mutation: You have extremely sharp teeth. [potion of
                  | mutation]
   947 | D:2      | Gained mutation: You possess an exceptional clarity of
                  | mind. [potion of mutation]
  1108 | D:2      | Reached skill level 1 in Armour
  1949 | D:3      | Reached skill level 1 in Shields
  1949 | D:3      | Reached XP level 4. HP: 41/42 MP: 4/4
  2328 | D:4      | Reached XP level 5. HP: 31/49 MP: 5/5
  2396 | D:4      | Noticed an ogre
  2403 | D:4      | Slain by an ogre

Illustrated notes

Levels and vault maps discovered:
D:1:      giann_bridges, layout_basic, st_stairs_6, serial_bayou_pond_c
D:2:      layout_rooms, serial_forest, infiniplex_forest_clump_double,
          infiniplex_forest_end_1, infiniplex_forest_end_2,
          infiniplex_forest_lined_room_2, infiniplex_forest_split,
          infiniplex_forest_clump_C, infiniplex_forest_lined_3,
          minmay_octomino_j4
D:3:      layout_loops_cross
D:4:      cheibrodos_greedy_goblins, layout_cave_pools, chequers_jeans,
          grunt_ministairs_6, saegor_snake_ambush
D:5:      minmay_bubble_buster, layout_cave_pods, minmay_misc_feat_columns,
          nemelex_xobeh_ov_fountains_minmay

Skill      XL: |  1  2  3  4  5 |
---------------+----------------+-----
Axes           | 3 |  3.9
Fighting       | 3 |  3.6
Armour         | 1 2 |  2.2
Shields        | 1 2 |  2.0
Dodging        | |  2.1
Stealth        | |  6.0

Action                   |  1- 3 |  4- 6 || total
-------------------------+-------+-------++-------
Melee: Hand axe          |   144 |    53 ||   197
       Bite              |     6 |     7 ||    13
       War axe           |       |     2 ||     2
  Use: Scroll            |     2 |     3 ||     5
       Potion            |     5 |       ||     5
 Stab: Sleeping          |     7 |     3 ||    10
Armor: Leather armour    |    14 |       ||    14
       Ring mail         |    48 |    18 ||    66
Dodge: Dodged            |    98 |    33 ||   131
Block: Buckler           |    21 |     9 ||    30

Table legend: (Time is in decaauts)
 A = Elapsed time spent in this place.
 B = Non-inter-level travel time spent in this place.
 C = Inter-level travel time spent in this place.
 D = Time resting spent in this place.
 E = Time spent auto-exploring this place.
 F = Levels seen in this place.
 G = Mean time per level.
                   A        B        C        D        E       F      G
               +--------+--------+--------+--------+--------+-----+--------+
         Total |   2444 |   2366 |     78 |    494 |   1312 |   5 |  488.8 |
       Dungeon |   2444 |   2366 |     78 |    494 |   1312 |   5 |  488.8 |
               +--------+--------+--------+--------+--------+-----+--------+

Top non-repeatable levels by time:
     D:3: 904 daAuts
     D:2: 866 daAuts
     D:4: 378 daAuts
     D:1: 279 daAuts
     D:5: 16 daAuts
